 Dungeon Crawl Stone Soup version 0.22-a0-469-gf26638a (webtiles) character file.

47 namelastname112 the Twirler (level 3, -2/30 HPs)
             Began as a Draconian Gladiator on June 14, 2018.
             Slain by a gnoll (6 damage)
             ... on level 1 of the Dungeon.
             The game lasted 00:03:30 (1319 turns).

namelastname112 the Twirler (Draconian Gladiator)   Turns: 1319, Time: 00:03:31

Health: -2/30      AC:  5    Str: 16    XL:     3   Next: 48%
Magic:  3/3        EV: 13    Int:  8    God:
Gold:   119        SH:  0    Dex: 13    Spells: 2/2 levels left

rFire    . . .     SeeInvis .   e - -1 dagger (curse)
rCold    . . .     Gourm    .   (no shield)
rNeg     . . .     Faith    .   (armour unavailable)
rPois    .         Spirit   .   b - +0 hat
rElec    .         Reflect  .   (no cloak)
rCorr    .         Harm     .   (no gloves)
MR       .....                  (no boots)
Stlth    +.........             (no amulet)
HPRegen  0.10/turn              (no ring)
MPRegen  0.08/turn              (no ring)

@: no status effects
A: unfitting armour, cold-blooded, AC +5
a: no special abilities


You were on level 1 of the Dungeon.
You were hungry.

You visited 1 branch of the dungeon, and saw 2 of its levels.

You collected 119 gold pieces.

Inventory:

Hand Weapons
 a - a +0 quarterstaff
 e - a cursed -1 dagger (weapon)
Missiles
 c - 3 throwing nets (quivered)
Armour
 b - a +0 hat (worn)
Scrolls
 g - a scroll of fog
Potions
 f - a potion of curing {unknown}
 h - a potion of flight {unknown}
Comestibles
 d - 4 rations


   Skills:
 + Level 2.6 Fighting
 + Level 0.3 Short Blades
 - Level 3.6 Staves
 - Level 1.9 Throwing
 + Level 3.2 Dodging
 + Level 0.2 Stealth


You had 2 spell levels left.
You didn't know any spells.
Your spell library was empty.

Dungeon Overview and Level Annotations

Branches:
Dungeon (2/15)

Altars:


Innate Abilities, Weirdness & Mutations

Your plain brown scales are hard. (AC +5)
You cannot fit into any form of body armour.
You are cold-blooded and may be slowed by cold attacks.


Message History

You hit the gnoll.
The gnoll is heavily wounded.
The gnoll hits you.
You take 2 damage, and have 11/30 hp.
You closely miss the gnoll.
The gnoll is heavily wounded.
The gnoll closely misses you.
You hit the gnoll but do no damage.
The gnoll is heavily wounded.
The gnoll hits you.
You take 1 damage, and have 10/30 hp.
You hit the gnoll but do no damage.
The gnoll is heavily wounded.
The gnoll hits you!
* * * LOW HITPOINT WARNING * * *
You take 6 damage, and have 4/30 hp.
You hit the gnoll but do no damage.
The gnoll is heavily wounded.
The gnoll hits you.
You die...

#....#.# ########### #.##.#.#####
#.........# #.##.......#
#.........# #.#####.##.#
#.........# #(##..).##.####
####......# ####.##.#####....#
#......# #.......#....###.#
#######......###.g..#....#......#
.......†.....'..@...+..#....#####
##########...###....#)(#.#.##
........##...###....##.#...#
.†......##.............#####
........##..........####
........###........)# .########
#.........# .######## #.........#
........# #.........#


You could see a gnoll.

Vanquished Creatures
  A worm (D:2)
  2 dart slugs (D:1)
  3 leopard geckos (D:1)
  3 bats (D:1)
  3 giant cockroaches (D:1)
  3 goblins (D:1)
  3 hobgoblins (D:1)
  3 jackals (D:1)
  3 frilled lizards (D:1)
  6 kobolds
  5 rats
35 creatures vanquished.

Notes
Turn   | Place    | Note
-------+----------+-------------------------------------------
     0 | D:1      | namelastname112 the Draconian Gladiator began the quest for the Orb.
     0 | D:1      | Reached XP level 1. HP: 17/17 MP: 1/1
    38 | D:1      | Reached XP level 2. HP: 17/25 MP: 2/2
   580 | D:1      | Reached XP level 3. HP: 26/30 MP: 3/3
  1319 | D:1      | Slain by a gnoll

Vault maps used:
D:1:      tarquinn_simple_flora_water_f, minmay_hexomino_c4
D:2:      nicolae_overflow_crystal_walls, first_ration

Skill      XL: |  1  2 |
---------------+-------+-----
Dodging        | 3 |  3.2
Fighting       | |  2.6
Short Blades   | |  0.3
Staves         | |  3.6
Throwing       | |  1.9
Stealth        | |  0.2

Action                   || total
-------------------------++-------
Melee: Quarterstaff      ||    54
       Tailslap          ||    28
       Dagger            ||   129
  Use: Scroll            ||     3
 Stab: Sleeping          ||     1
  Eat: Chunk             ||     1
Armor: Skin              ||    51
Dodge: Dodged            ||   121

Table legend:
 A = Spawn XP
 B = Non-spawn XP
 C = Spawn XP percentage of total XP
 D = Spawn monster count
 E = Non-spawn monster count
 F = Spawn count percentage of total count
 G = Total turns spent on level
                    A         B        C        D         E        F      G
               +---------+---------+-------+---------+---------+-------+---------
         Total |       0 |      68 |   0.0 |       0 |      35 |   0.0 |  1319
               +---------+---------+-------+---------+---------+-------+---------
           D:1 |       0 |      61 |   0.0 |       0 |      32 |   0.0 |  1166
           D:2 |       0 |       7 |   0.0 |       0 |       3 |   0.0 |   153
               +---------+---------+-------+---------+---------+-------+---------
